 Dungeon Crawl Stone Soup version 0.17-a0-1545-gc1bb672 (webtiles) character file.

669954 stringdemon the Petrodigitator (level 27, -26/148 HPs)
             Began as a Gargoyle Fighter on July 17, 2015.
             Was a High Priest of Jiyva.
             Killed from afar by a white draconian (43 damage)
             ... with a chilling blast
             ... while paralysed by accursed screaming
             ... on level 2 of the Abyss on July 19, 2015.
             The game lasted 20:32:28 (122383 turns).

stringdemon the Petrodigitator (Gargoyle Fighter) Turns: 122383, Time: 20:32:28

Health: -26/148    AC: 50    Str: 12      XL:     27
Magic:  38/38      EV:  4    Int: 24 (43) God:    Jiyva [*****.]
Gold:   3327       SH:  0    Dex: 13      Spells: 10 memorised, 10 levels left

rFire  + . .     SeeInvis .     a - +8 eveningstar (venom)
rCold  . . .     Clarity  .     L - +7 faerie dragon armour {Dex+7}
rNeg   + + +     SustAt   +     B - +6 large shield of the Republic {Int+4}
rPois  ∞         Gourm    .     (helmet restricted)
rElec  +         Spirit   .     I - +2 cloak {MR+}
rCorr  +         Warding  .     A - +2 pair of gloves "Ickuec" {rN+ Int+4}
rMut   +         Stasis   .     u - +2 pair of boots {run}
MR     +++..                    w - amulet of resist mutation
Stlth  ..........               V - ring of the Nights {rF+ rN+}
                                c - ring of sustain attributes

@: confused, paralysed, silence, flying, studying Stealth, invisible, quick,
extremely resistant to hostile enchantments, extremely unstealthy
A: big wings, horns 2, repulsion field 1, clever 1, frail 1, low mp 1, negative
energy resistance 1, electricity resistance, unbreathing, translucent skin 1,
jelly absorbing missiles, petrification resistance, rot immunity, AC +20
a: Stop Flying, Renounce Religion
}: 4/15 runes: decaying, slimy, silver, gossamer


You were on level 2 of the Abyss.
You worshipped Jiyva.
Jiyva was extremely pleased with you.
You were not hungry.

You visited 13 branches of the dungeon, and saw 60 of its levels.
You visited Pandemonium 2 times, and saw 3 of its levels.
You visited the Abyss 4 times.
You also visited: Trove, Sewer, Bailey and Ice Cave.

You collected 8208 gold pieces.
You spent 4881 gold pieces at shops.

Inventory:

Hand weapons
 a - a +8 eveningstar of venom (weapon)
Armour
 l - a fire dragon hide
 s - a +1 helmet
 u - a +2 pair of boots of running (worn)
 A - the +2 pair of gloves "Ickuec" (worn) {rN+ Int+4}
   (You found it on level 4 of the Dungeon)

   It affects your intelligence (+4).
   It protects you from negative energy.
 B - the +6 large shield of the Republic (worn) {Int+4}
   (You took it off a daeva on level 4 of the Depths)

   It affects your intelligence (+4).
 E - the +3 shield "Keoly" {rF+ rC- rCorr Str+3}
   (You acquired it on level 2 of the Abyss)

   It affects your strength (+3).
   It protects you from fire.
   It makes you vulnerable to cold.
   It protects you from acid and corrosion.
 I - a +2 cloak of magic resistance (worn)
 L - the +7 faerie dragon armour (worn) {Dex+7}
   (You took it off the Enchantress on level 2 of the Depths)

   It affects your dexterity (+7).
 O - a +0 pearl dragon armour
Magical staves
 b - an uncursed staff of power
 H - an uncursed staff of earth
Jewellery
 c - a ring of sustain attributes (left hand)
 f - the ring "Zuuthae" {rElec MR+ Dex+2 SInv Stlth-}
   (You bought it in a shop on level 2 of the Vaults)

   [ring of dexterity]

   It affects your dexterity (+2).
   It insulates you from electricity.
   It affects your resistance to hostile enchantments.
   It lets you see invisible.
   It makes you less stealthy.
 j - an uncursed ring of magical power
 k - the ring "Ydabb" {Ice Int+6}
   (You found it on level 5 of the Vaults)

   [ring of ice]

   It enhances your ice magic, and weakens your fire magic.
   It affects your intelligence (+6).
   It makes you vulnerable to fire.
   It protects you from cold.
 w - an amulet of resist mutation (around neck)
 z - an uncursed amulet of guardian spirit
 Q - the amulet of Liun {Regen+ MP+9 Stlth+}
   (You found it on level 6 of the Pits of Slime)

   [amulet of regeneration]

   It affects your magic capacity (+9).
   It increases your rate of regeneration.
   It makes you more stealthy.
 S - the ring of Ethics {rC+ Dex+4}
   (You took it off a deep elf mage on level 3 of the Elven Halls)

   [ring of dexterity]

   It affects your dexterity (+4).
   It protects you from cold.
 V - the ring of the Nights (right hand) {rF+ rN+}
   (You found it on level 3 of the Crypt)

   [ring of positive energy]

   It protects you from fire.
   It protects you from negative energy.
Magical devices
 g - a wand of fire (10)
 v - a wand of teleportation (0)
 C - a wand of digging (11)
 P - a wand of digging (14)
Scrolls
 h - a scroll of silence
 i - 3 scrolls of fog
 q - 7 scrolls of identify
 r - a scroll of holy word
 t - a scroll of magic mapping
 y - 4 scrolls of torment
 D - a scroll of fear
 F - a scroll of remove curse
 K - a scroll of enchant armour
 R - 3 scrolls of recharging
 Z - 6 scrolls of amnesia
Potions
 o - a potion of resistance
 p - a potion of agility
 X - a potion of ambrosia
Books
 d - a manual of Stealth
 x - a book of Enchantments

   Spells                             Type                      Level
   a - Cause Fear                     Hexes                        4
   b - Silence                        Hexes/Air                    5
   c - Deflect Missiles               Charms/Air                   6
   d - Haste                          Charms                       6
   e - Discord                        Hexes                        8
 J - the Disquisition on Summoning
   (You found it on level 2 of the Abyss)

   Spells                             Type                      Level
   a - Summon Butterflies             Summoning                    1
   b - Recall                         Summoning/Translocation      3
 M - Lehudib's Tome of Confrontation
   (You found it on level 2 of the Abyss)

   Spells                             Type                      Level
   a - Irradiate                      Conjuration/Transmutation    5
 N - the Collected Works on Transformation
   (You found it on level 2 of the Abyss)

   Spells                             Type                      Level
   a - Statue Form                    Transmutation/Earth          6
 T - Itasku's Tome of Protection
   (You found it on level 2 of the Abyss)

   Spells                             Type                      Level
   a - Repel Missiles                 Charms/Air                   2
Comestibles
 e - 18 bread rations
 m - a beef jerky
 n - a fruit


   Skills:
 - Level 15.1 Fighting
 - Level 16.0 Maces & Flails
 - Level 18.6 Armour
 - Level 11.5 Dodging
 + Level 24.3 Shields
 - Level 15.5 Spellcasting
 - Level 11.0 Conjurations
 - Level 14.9 Translocations
 - Level 1.0 Transmutations
 O Level 27 Earth Magic
 - Level 0.1 Evocations


You had 10 spell levels left.
You knew the following spells:

 Your Spells              Type           Power        Failure   Level  Hunger
a - Blink                 Tloc           N/A          0%          2    None
b - Controlled Blink      Tloc           N/A          10%         7    ######.
c - Apportation           Tloc           ######....   0%          1    None
d - Phase Shift           Tloc           ######....   1%          5    ##.....
e - Swiftness             Chrm/Air       ###.....     10%         2    None
f - Stoneskin             Trmt/Erth      ######..     1%          2    None
g - Bolt of Magma         Conj/Fire/Erth ######....   1%          5    ##.....
h - Iron Shot             Conj/Erth      #######...   1%          6    ####...
i - Lehudib's Crystal Sp  Conj/Erth      #######...   14%         8    #######
j - Shatter               Erth           #######...   14%         9    #######


Dungeon Overview and Level Annotations

Branches:
Dungeon (15/15)            Temple (1/1) D:4            Lair (8/8) D:10
  Swamp (4/4) Lair:4       Spider (4/4) Lair:6        Slime (6/6) Lair:7
    Orc (4/4) D:12            Elf (3/3) Orc:4        Vaults (5/5) D:13
  Crypt (3/3) Vaults:2       Tomb (1/3) Crypt:3      Depths (5/5) D:15
    Zot (1/5) Depths:5

Altars:
Ashenzari
Cheibriados
Dithmenos
Elyvilon
Fedhas
Gozag
Kikubaaqudgha
Makhleb
Nemelex Xobeh
Okawaru
Qazlal
Ru
Sif Muna
Trog
Vehumet
Xom
Yredelemnul
Zin
The Shining One
Beogh
Jiyva

Shops:
D:6 :   D:7 (   D:8 *   D:15 (   Orc:4 =}[[   Elf:2 !   Elf:3 :   Vaults:2 (==:
Depths:5 :

Portals:
Hell: Depths:1 Depths:2 Depths:3 Depths:4 Depths:5
Abyss: Depths:4
Pandemonium: Depths:1 Depths:3 Depths:5
Ziggurat: Depths:4

Annotations:
Slime:6 Royal Jelly


Innate Abilities, Weirdness & Mutations

You are resistant to torment.
Your stone body is resilient (AC +20).
You are immune to poison.
Your large and strong wings let you fly indefinitely.
You resist negative energy.
You are resistant to electric shocks.
You can survive without breathing.
You are immune to petrification.
You are immune to rotting.
You have a pair of horns on your head.
You are surrounded by a mild repulsion field (EV +2).
Your mind is acute. (Int +2)
Your magical capacity is low (-10% MP).
Your skin is partially translucent (Stealth, -foe acc).
You have a small jelly attached to you that may absorb incoming projectiles.
[You are frail (-10% HP).]


Message History

The starcursed mass completely misses you.
The starcursed mass engulfs you but does no damage.
The worldbinder closely misses you. The worldbinder hits you.
* * * LOW HITPOINT WARNING * * *
The white draconian hits you but does no damage.
The starcursed mass engulfs you but does no damage. x2
The large abomination completely misses you.
Drink which item? (? for menu, Esc to quit)
You fade into invisibility!
The worldbinder hits you but does no damage.
The worldbinder completely misses you. The starcursed mass closely misses you.
The starcursed mass engulfs you.
* * * LOW HITPOINT WARNING * * *
The starcursed mass barely misses you.
A cacophony of accursed wailing tears at your sanity!
* * * LOW HITPOINT WARNING * * *
You suddenly lose the ability to move!
The white draconian breathes frost at you.
The chilling blast hits you!
You die...

. # #. . # .# .♣≈ ..
# . ... ....≈≈ ≈≈
#.##.. ##.#
.....♣≈≈≈ ...#.h.#
##.#.#.≈.≈≈≈♣. . #
.. ..#)##.##≈≈≈≈≈≈≈#
# .. ..
.#####.≈≈≈≈≈≈≈≈≈ .
#.# ..#
.#≈≈y≈≈≈≈♣≈≈≈≈ #. ##
##..#§dxXy≈≈≈≈≈≈≈ #
# .....XX@XX♣≈≈≈≈ #
#.
.#.#.#...XXXX≈≈#≈≈#.
.
...#.v≈≈≈XXXX≈≈≈...
.#
..#.#.≈≈≈≈≈≈≈≈≈≈...
. .
...≈##..≈≈≈≈≈≈♣≈≈#.#
.## ≈≈≈≈≈≈≈≈.≈≈#..
#.. .#.≈≈≈≈≈≈....#.
#. . #.
##≈≈≈≈♣≈..#.. ..≈≈ ≈
≈


You could see 12 starcursed masses, a white draconian, a large abomination, a
worldbinder, 2 vampire mosquitoes and an insubstantial wisp.

Vanquished Creatures
  2 ancient liches
  Mara (Elf:3)
  7 greater mummies (Tomb:1)
  Boris (Depths:3)
  Saint Roka (Elf:2)
  3 golden dragons
  A profane servitor (Crypt:3)
  the Enchantress (Depths:2)
  2 pearl dragons
  5 bone dragons
  Jorgrun (Vaults:1)
  8 liches
  6 tentacled monstrosities
  5 titans (Vaults:5)
  2 quicksilver dragons
  A Shadow Fiend (Pan)
  2 deep elf blademasters (Elf:3)
  4 acid blobs
  2 deep elf master archers (Elf:3)
  An Executioner (Abyss:1)
  9 sphinxes
  A thorn hunter (Swamp:4)
  11 tentacled starspawn
  4 octopode crushers
  11 ancient champions
  Kirke (Spider:3)
  2 tengu reavers
  3 storm dragons
  8 shadow dragons
  3 daevas (Depths:4)
  5 revenants
  13 fire giants
  Wiglaf (Elf:2)
  2 azure jellies
  5 ghost moths (Spider:4)
  14 frost giants
  Donald (Elf:2)
  15 vault wardens
  3 cacodemons
  A draconian knight (Depths:5)
  A caustic shrike zombie (Crypt:1)
  5 deep elf sorcerers (Elf:3)
  An iron dragon (Depths:5)
  Aizul (Elf:3)
  Louise (Elf:2)
  A draconian scorcher (Abyss:2)
  3 balrugs
  4 curse skulls
  3 emperor scorpions (Spider:4)
  9 ghouls
  A draconian shifter (Abyss:2)
  4 angels
  6 war gargoyles
  2 draconian annihilators (Depths:5)
  13 ironheart preservers
  4 spriggan defenders
  A blood saint (Pan)
  An ophan (Depths:3)
  18 very ugly things
  A reaper (Crypt:2)
  17 stone giants
  11 deep elf demonologists
  6 vampire knights
  A dire elephant (shapeshifter) (Vaults:3)
  A mottled draconian (Depths:5)
  11 deep elf annihilators
  A white draconian (Depths:5)
  40 starcursed masses
  A yellow draconian (Abyss:2)
  An apis (Depths:2)
  A red draconian (Depths:5)
  3 purple draconians (Depths:5)
  14 ettins
  7 eidola
  A green death (Pan)
  Snorg (Lair:6)
  6 deep elf death magi
  3 deep elf high priests
  3 blizzard demons
  A merfolk javelineer (Depths:4)
  5 mummy priests
  10 jiangshi
  15 fire dragons
  A merfolk impaler (Depths:1)
  41 vault guards
  18 yaktaur captains
  7 entropy weavers
  Fannar (D:10)
  3 hell beasts
  9 ice dragons
  2 rakshasas
  A quicksilver dragon skeleton (Abyss:1)
  2 naga warriors (Abyss:1)
  31 hydras
  6 death knights
  The ghost of Smello the Destroyer, a powerful TeCj of Vehumet (D:11)
  8 great orbs of eyes
  Erolcha (D:9)
  6 spriggan air magi
  15 ogre magi
  11 centaur warriors
  A catoblepas (Lair:7)
  6 death yaks
  11 alligators
  2 ghost crabs
  16 dancing weapons
  6 vampire magi
  A hell hog (Abyss:1)
  5 tengu warriors
  14 deep troll earth magi
  14 spriggan berserkers
  A titan zombie (Depths:2)
  11 deep troll shamans
  5 soul eaters
  2 wizards
  15 thrashing horrors
  6 fire crabs
  Nergalle (Lair:3)
  5 sun demons
  6 unseen horrors
  A titan skeleton (Crypt:3)
  6 wretched stars
  18 deep elf knights
  18 skeletal warriors
  2 ghost moth zombies
  5 hell knights (Depths:1)
  8 iron trolls
  A death drake (shapeshifter) (Depths:4)
  6 ice devils
  The ghost of Orthose the Covered, an experienced DsFi of Gozag (D:8)
  6 cherubim (Depths:4)
  10 shadow wraiths
  10 spriggan druids
  A golden dragon zombie (Crypt:2)
  41 deep trolls
  3 shambling mangroves
  5 giant orange brains
  11 swamp dragons
  An ice statue (D:14)
  8 flayed ghosts
  2 putrid demonspawn
  2 shadow demons
  16 deep elf summoners
  2 golden dragon skeletons
  12 hill giants
  A tengu zombie (D:15)
  Pikel (D:9)
  10 harpies
  16 orc knights
  2 infernal demonspawn (Pan)
  3 torturous demonspawn
  28 deep elf conjurers
  2 wolf spider zombies
  An anubis guard (shapeshifter) (Vaults:5)
  56 ugly things
  2 anubis guards (Tomb:1)
  12 phantasmal warriors
  A griffon (shapeshifter) (Vaults:1)
  A mana viper (Abyss:1)
  2 mana vipers (shapeshifter) (Vaults:5)
  An iron dragon zombie (Crypt:1)
  7 cyclopes
  14 orb spiders
  An orb spider (shapeshifter) (Vaults:4)
  5 necromancers
  6 orc sorcerers
  29 wolf spiders
  4 elephants (Lair:8)
  22 ironbrand convokers
  A manticore (D:15)
  5 shining eyes
  4 moths of wrath
  8 griffons
  An iron dragon skeleton (Abyss:2)
  2 fire giant skeletons
  4 sixfirhies
  An octopode (shapeshifter) (Vaults:1)
  16 smoke demons
  10 hornets
  A stone giant skeleton (Tomb:1)
  Maurice (Orc:1)
  2 worldbinders (Abyss:2)
  17 vault sentinels
  A frost giant skeleton (Crypt:2)
  4 apocalypse crabs
  Joseph (D:9)
  3 black mambas (shapeshifter)
  3 black mambas
  2 centaur zombies
  A guardian serpent (Abyss:1)
  A rust devil (Abyss:1)
  11 orange demons
  An emperor scorpion zombie (Crypt:2)
  A yaktaur zombie (D:15)
  25 spiny frogs
  A fire drake (shapeshifter) (Elf:3)
  2 gargoyles
  3 kobold demonologists
  A storm dragon simulacrum (Depths:2)
  6 efreet
  A shock serpent skeleton (Crypt:3)
  11 demonic crawlers
  A white draconian zombie (Crypt:2)
  12 komodo dragons
  An elf zombie (D:15)
  85 yaktaurs
  A spiny frog (shapeshifter) (Vaults:2)
  7 hellwings
  13 deep elf priests
  4 fire drakes
  2 anaconda simulacra (IceCv)
  2 red devils (Abyss:1)
  4 tengu conjurers
  A yaktaur (shapeshifter) (Depths:1)
  10 guardian mummies
  A queen bee (shapeshifter) (Vaults:4)
  A queen bee (Spider:2)
  8 ancient zymes
  11 blue devils
  26 jumping spiders
  11 freezing wraiths
  A two-headed ogre (shapeshifter) (Vaults:3)
  A merfolk (shapeshifter) (Vaults:5)
  27 two-headed ogres
  7 trolls
  46 large abominations
  A wind drake (Abyss:1)
  Prince Ribbit (D:9)
  4 giant leeches
  An iron dragon simulacrum (Abyss:2)
  A polar bear (shapeshifter) (Vaults:5)
  A blink frog (shapeshifter) (Depths:1)
  A fire giant simulacrum (Depths:2)
  2 hydra skeletons
  9 bog bodies
  A trapdoor spider zombie (D:14)
  A harpy skeleton (Tomb:1)
  11 polar bears
  15 boulder beetles
  3 raiju (shapeshifter)
  98 slime creatures
  A satyr zombie (Crypt:1)
  An alligator zombie (Crypt:1)
  7 ushabtiu
  26 raiju
  29 blink frogs
  18 flying skulls
  A fire dragon skeleton (Crypt:2)
  56 redbacks
  3 vampires
  4 ettin skeletons
  A tarantella (shapeshifter) (Vaults:5)
  5 water elementals
  14 hippogriffs
  A trapdoor spider (shapeshifter) (Depths:2)
  A hog (shapeshifter) (D:15)
  31 spriggans
  27 tarantellas
  13 wraiths
  12 ynoxinuls
  An alligator skeleton (Crypt:2)
  4 golden eyes (Slime:2)
  6 shadows
  33 deep elf fighters
  3 spriggans (shapeshifter)
  26 trapdoor spiders
  24 deep elf magi
  5 fire bats (Abyss:1)
  13 neqoxecs
  58 yaks
  A yaktaur simulacrum (Vaults:3)
  6 wyverns
  A hungry ghost (Abyss:2)
  38 vampire mosquitoes
  3 mottled dragons
  4 hogs (Spider:3)
  6 basilisks
  6 chaos spawn
  A soldier ant (D:15)
  Menkaure (D:6)
  8 wargs
  An iron troll simulacrum (IceCv)
  A naga (shapeshifter) (Depths:1)
  A yak (shapeshifter) (Abyss:1)
  24 swamp worms
  13 hell hounds (Abyss:1)
  26 wolves
  2 hydra simulacra (IceCv)
  23 insubstantial wisps
  2 spatial vortices (Abyss:1)
  2 harpy simulacra (IceCv)
  14 porcupines
  14 water moccasins
  5 phantoms
  19 spiders
  15 swamp drakes
  A merfolk skeleton (Crypt:3)
  A black bear (shapeshifter) (Depths:4)
  A slave (D:9)
  5 black bears
  An ogre (shapeshifter) (D:13)
  A spider (shapeshifter) (D:14)
  An elephant zombie (Crypt:3)
  21 ice beasts
  A black mamba simulacrum (Crypt:1)
  31 wasps
  An alligator simulacrum (IceCv)
  3 necrophages (Crypt:3)
  38 orc warriors
  A crocodile (shapeshifter) (Abyss:1)
  2 eyes of draining
  A manticore skeleton (Crypt:1)
  6 sky beasts
  A swamp dragon skeleton (Crypt:1)
  9 boggarts (Depths:1)
  17 crocodiles
  28 centaurs
  63 ogres
  9 big kobolds
  A brain worm (shapeshifter) (Depths:5)
  A fire drake skeleton (Crypt:1)
  24 giant frogs
  A gnoll sergeant (D:10)
  A warg zombie (Crypt:2)
  5 scorpions
  17 killer bees
  15 wights
  36 small abominations
  A vampire bat (Abyss:1)
  8 electric eels
  A wolf skeleton (Crypt:3)
  3 draconian simulacra (IceCv)
  15 crimson imps
  2 giant frog zombies
  2 human skeletons
  7 hounds
  28 orc wizards
  8 human zombies
  Ijyb (D:2)
  5 centaur skeletons
  18 jellies
  24 orc priests
  5 giant frog skeletons
  13 iguanas
  8 iron imps
  A demonspawn skeleton (Crypt:3)
  4 quasits
  A polar bear simulacrum (IceCv)
  A porcupine zombie (Crypt:1)
  A troll simulacrum (IceCv)
  8 worker ants
  A killer bee zombie (D:11)
  37 sheep
  2 wolf simulacra (IceCv)
  A centaur simulacrum (IceCv)
  A big kobold zombie (Crypt:2)
  A brain worm zombie (Crypt:3)
  An ogre skeleton (D:8)
  7 mummies
  A hound skeleton (D:5)
  8 gnolls
  94 river rats
  A river rat (shapeshifter) (Vaults:3)
  4 ogre simulacra (IceCv)
  5 shadow imps
  33 white imps
  12 adders
  2 naga simulacra (IceCv)
  6 ufetubi
  2 sheep zombies
  6 worms
  A worm (shapeshifter) (Vaults:1)
  3 giant geckos
  201 orcs
  27 bats
  22 hobgoblins
  12 jackals
  51 kobolds
  4 quokkas
  7 ball pythons
  8 giant cockroaches
  A giant gecko skeleton (Crypt:2)
  9 giant newts
  23 goblins
  A hobgoblin skeleton (Crypt:3)
  A jackal skeleton (D:4)
  25 rats
  2 briar patches (Swamp:3)
  2 fungi
  11 starspawn tentacles
3515 creatures vanquished.

Vanquished Creatures (others)
  Nikola (Swamp:1)
  An acid blob (Slime:6)
  A tengu reaver (Vaults:4)
  2 fire giants
  A death ooze (Slime:6)
  The ghost of mahalanobis the Ripper, a powerful FeBe of Trog (Spider:1)
  A deep elf knight (Elf:3)
  A shadow wraith (Vaults:3)
  A giant orange brain (Abyss:2)
  A phantasmal warrior (D:15)
  An ironbrand convoker (Vaults:4)
  A necromancer (D:15)
  2 deep elf conjurers
  2 wolf spiders
  A shining eye (Abyss:1)
  3 vault sentinels
  A spiny frog (Swamp:3)
  A demonic crawler (Spider:1)
  A tengu conjurer (Depths:3)
  2 yaktaurs (Vaults:5)
  A spriggan zombie (Depths:2)
  A two-headed ogre (Vaults:4)
  20 slime creatures
  A spriggan (Swamp:2)
  A redback (Spider:1)
  4 small abominations
  2 tarantellas (Spider:1)
  A vampire mosquito (Spider:1)
  A slave (D:9)
  A black bear (shapeshifter) (Depths:1)
  A spider (Spider:1)
  3 ogres (Vaults:4)
  7 centaurs
  A big kobold (D:10)
  An elf zombie (Crypt:1)
  A wyvern zombie (D:14)
  A wight (D:12)
  132 jellies
  An electric eel (D:14)
  A crimson imp (D:11)
  An iron imp (Abyss:2)
  A quasit (Abyss:2)
  A sheep (Lair:2)
  A shadow imp (D:15)
  A white imp (Abyss:1)
  4 orcs
  2 bats (Abyss:1)
  11 kobolds
  2 bushes
  A butterfly (Abyss:1)
  61 fungi
  3 lost souls
  2 lurking horrors (Abyss:2)
  64 plants
  17 starspawn tentacles
  211 starspawn tentacle segments
591 creatures vanquished.

Grand Total: 4106 creatures vanquished

Notes
Turn   | Place    | Note
--------------------------------------------------------------
     0 | D:1      | stringdemon the Gargoyle Fighter began the quest for the Orb.
     0 | D:1      | Reached XP level 1. HP: 14/14 MP: 1/1
   248 | D:1      | Reached XP level 2. HP: 19/19 MP: 2/2
   792 | D:1      | Reached XP level 3. HP: 19/23 MP: 3/3
  1085 | D:2      | Noticed Ijyb
  1096 | D:2      | Killed Ijyb
  1096 | D:2      | Reached skill level 4 in Shields
  1096 | D:2      | Reached XP level 4. HP: 26/28 MP: 4/4
  1599 | D:3      | Reached XP level 5. HP: 18/33 MP: 5/5
  2023 | D:3      | Found a sacrificial altar of Ru.
  2052 | D:3      | Reached XP level 6. HP: 35/38 MP: 6/6
  2313 | D:4      | Reached skill level 5 in Shields
  2443 | D:4      | Reached skill level 1 in Dodging
  2528 | D:4      | Found a staircase to the Ecumenical Temple.
  2556 | Temple   | Entered the Ecumenical Temple
  2562 | Temple   | Became a worshipper of Sif Muna the Loreminder
  2637 | D:4      | Found a white marble altar of Elyvilon.
  2638 | D:4      | Found a shadowy altar of Dithmenos.
  2672 | D:4      | Got a pair of crude gloves
  2684 | D:4      | Identified the +2 pair of gloves "Ickuec" {rN+ Int+4} (You found it on level 4 of the Dungeon)
  3074 | D:5      | Entered Level 5 of the Dungeon
  3156 | D:5      | Reached XP level 7. HP: 44/44 MP: 6/8
  3252 | D:5      | Noticed a water moccasin
  3290 | D:5      | Killed a water moccasin
  3290 | D:5      | Reached skill level 1 in Spellcasting
  3479 | D:5      | Reached skill level 6 in Shields
  3925 | D:5      | Reached XP level 8. HP: 48/48 MP: 11/11
  4189 | D:6      | Found a blossoming altar of Fedhas.
  4237 | D:6      | Reached skill level 5 in Fighting
  4309 | D:6      | Reached skill level 5 in Armour
  4569 | D:6      | Reached skill level 7 in Shields
  4637 | D:6      | Noticed Menkaure
  4654 | D:6      | Killed Menkaure
  4685 | D:6      | Found Lyamm's Book Emporium.
  4788 | D:6      | Found a glowing drain.
  4842 | Sewer    | Entered a sewer
  5006 | Sewer    | Reached skill level 5 in Maces & Flails
  5120 | Sewer    | Reached XP level 9. HP: 52/54 MP: 14/14
  6097 | D:7      | Found Hesadag's Antique Weapon Shoppe.
  6336 | D:8      | Noticed Orthose's ghost (experienced DsFi)
  6406 | D:8      | Killed Orthose's ghost
  6406 | D:8      | Reached skill level 8 in Shields
  6463 | D:8      | Acquired Sif Muna's first power
  6542 | D:8      | Learned a level 7 spell: Controlled Blink
  6630 | D:8      | Reached XP level 10. HP: 60/60 MP: 16/16
  6726 | D:8      | Found Tocrebunn's Assorted Antiques.
  6729 | D:8      | Bought a moonstone ring for 115 gold pieces
  6729 | D:8      | Bought a potion of haste for 230 gold pieces
  6729 | D:8      | Bought a potion of might for 92 gold pieces
  6729 | D:8      | Bought a blue potion for 20 gold pieces
  6784 | D:8      | Found a basalt altar of Yredelemnul.
  6886 | D:8      | Reached skill level 1 in Translocations
  7159 | D:9      | Noticed Erolcha
  7170 | D:10     | Entered Level 10 of the Dungeon
  7403 | D:10     | Reached skill level 9 in Shields
  7616 | D:10     | Noticed Fannar
  7765 | D:10     | Gained mutation: You heal slowly when monsters are visible. [potion of mutation]
  7765 | D:10     | Gained mutation: Your magical capacity is low (-10% MP). [potion of mutation]
  7765 | D:10     | Gained mutation: You can spit weak poison. [potion of mutation]
  7831 | D:9      | Noticed Pikel
  7846 | D:9      | Killed Pikel
  7846 | D:9      | Reached skill level 5 in Dodging
  7850 | D:9      | Got a brightly glowing quarterstaff
  7856 | D:9      | Identified the cursed +1 quarterstaff of the Egg {drain, rPois} (You found it on level 9 of the Dungeon)
  8038 | D:9      | Noticed Joseph
  8077 | D:9      | Killed Joseph
  8209 | D:9      | Killed Erolcha
  8209 | D:9      | Reached XP level 11. HP: 32/66 MP: 16/16
  8388 | D:9      | Noticed Prince Ribbit
  8451 | D:9      | Killed Prince Ribbit
  8508 | D:9      | Killed a deep elf conjurer
  8626 | D:9      | Noticed a cyclops
  8862 | D:10     | Found a staircase to the Lair.
  8914 | Lair:1   | Entered Level 1 of the Lair of Beasts
  8946 | Lair:1   | Reached skill level 10 in Shields
 12896 | Lair:2   | Reached XP level 12. HP: 56/72 MP: 17/17
 13302 | Lair:3   | Reached skill level 11 in Shields
 13433 | Lair:3   | Noticed Nergalle
 13455 | Lair:3   | Killed Nergalle
 13455 | Lair:3   | Reached skill level 5 in Translocations
 14713 | Lair:4   | Noticed a six-headed hydra
 14727 | Lair:4   | Killed a six-headed hydra
 15084 | Lair:4   | Noticed a six-headed hydra
 15193 | Lair:4   | Acquired Sif Muna's second power
 15296 | Lair:4   | Killed a six-headed hydra
 15491 | Lair:4   | Reached skill level 10 in Maces & Flails
 15986 | Lair:4   | Reached skill level 12 in Shields
 16183 | Lair:4   | Reached XP level 13. HP: 59/78 MP: 17/17
 16519 | Lair:4   | Found a staircase to the Swamp.
 17482 | Lair:5   | Found an ancient bone altar of Kikubaaqudgha.
 17571 | Lair:5   | Got a smoking quarterstaff
 17577 | Lair:5   | Identified the +2 quarterstaff of Kupyn {crush, -Tele rF++ MP+9 Stlth+} (You found it on level 5 of the Lair of Beasts)
 18011 | Lair:6   | Noticed Snorg
 18540 | Lair:6   | Found a hole to the Spider Nest.
 18559 | Spider:1 | Entered Level 1 of the Spider Nest
 18564 | Spider:1 | Noticed mahalanobis's ghost (powerful FeBe)
 18571 | Spider:1 | Found a frozen archway.
 18597 | IceCv    | Entered an ice cave
 20176 | IceCv    | Learned a level 1 spell: Apportation
 20759 | IceCv    | Noticed an Ice Fiend
 21706 | Lair:2   | Noticed an eight-headed hydra
 21719 | Lair:2   | Killed an eight-headed hydra
 22076 | D:10     | Killed Fannar
 22109 | D:10     | Noticed a hill giant
 22141 | D:10     | Killed a hill giant
 22660 | D:10     | Reached skill level 13 in Shields
 22834 | D:11     | Noticed Smello's ghost (powerful TeCj)
 23670 | D:11     | Gained mutation: Your large and strong wings let you fly indefinitely. [Gargoyle growth]
 23670 | D:11     | Reached XP level 14. HP: 19/86 MP: 18/18
 24756 | D:12     | Found a staircase to the Orcish Mines.
 24974 | D:12     | Found a portal to a secret trove of treasure.
 25026 | Orc:1    | Entered Level 1 of the Orcish Mines
 25384 | Orc:1    | Noticed Maurice
 25410 | Orc:1    | Killed Maurice
 25459 | Orc:1    | Found a flagged portal.
 25485 | Bailey   | Entered a bailey
 25485 | Bailey   | Noticed flyleaff's ghost (experienced MiFi)
 26596 | Orc:2    | Found a bloodstained altar of Trog.
 27794 | Orc:3    | Found a roughly hewn altar of Beogh.
 28167 | Orc:4    | Entered Level 4 of the Orcish Mines
 28167 | Orc:4    | Found a staircase to the Elven Halls.
 28691 | Orc:4    | Found Haopp's Antique Armour Emporium.
 28691 | Orc:4    | Found Dozuh's Jewellery Boutique.
 28692 | Orc:4    | Found Dimik's Antique Armour Shop.
 28692 | Orc:4    | Found Emehoud's Gadget Emporium.
 28815 | Orc:4    | Bought a pair of twisted gloves for 323 gold pieces
 28825 | Orc:4    | Identified the cursed -6 pair of gloves of Unreason {*Confuse rCorr Int+7 Dex+3} (You bought it in a shop on level 4 of the Orcish Mines)
 28840 | Orc:4    | Bought a runed plate armour for 506 gold pieces
 28840 | Orc:4    | Bought a runed plate armour for 506 gold pieces
 28840 | Orc:4    | Bought a glowing ring mail for 88 gold pieces
 30406 | Lair:7   | Reached skill level 14 in Shields
 30687 | Lair:7   | Identified a scroll of acquirement
 30924 | Lair:7   | Reached skill level 10 in Fighting
 31571 | Lair:7   | Found a runed door.
 31571 | Lair:7   | Found a viscous altar of Jiyva.
 31571 | Lair:7   | Found a staircase to the Slime Pits.
 31571 | Lair:7   | Noticed an acid blob
 31571 | Lair:7   | Noticed an acid blob
 31571 | Lair:7   | Noticed an acid blob
 31571 | Lair:7   | Noticed an acid blob
 31896 | Lair:7   | Reached XP level 15. HP: 92/92 MP: 19/19
 31924 | Lair:8   | Entered Level 8 of the Lair of Beasts
 33430 | Lair:8   | Reached skill level 10 in Armour
 35035 | Swamp:1  | Entered Level 1 of the Swamp
 35063 | Lair:4   | HP: 4/93 [bog body (7)]
 35742 | Swamp:1  | Noticed Nikola
 35757 | Swamp:1  | Killed Nikola
 36049 | Swamp:1  | Reached skill level 15 in Shields
 36963 | Swamp:1  | Reached XP level 16. HP: 37/100 MP: 20/20
 38972 | Swamp:3  | Reached skill level 10 in Translocations
 40823 | Swamp:4  | Entered Level 4 of the Swamp
 40842 | Swamp:3  | Acquired Sif Muna's third power
 41779 | Swamp:3  | Noticed a thorn hunter
 42015 | Swamp:4  | Noticed a thorn hunter
 42211 | Swamp:4  | Killed a thorn hunter
 42230 | Swamp:4  | Reached XP level 17. HP: 83/107 MP: 21/21
 42273 | Swamp:4  | Identified Rymautze's Volume of Heat
 42945 | Swamp:4  | Got a decaying rune of Zot
 43110 | Swamp:4  | Reached skill level 15 in Maces & Flails
 44236 | Orc:4    | Bought an uncursed ring of see invisible for 255 gold pieces
 44237 | Orc:4    | Bought a pair of glowing gloves for 153 gold pieces
 44533 | Lair:6   | Killed Snorg
 47130 | Spider:3 | Noticed Kirke
 47217 | Spider:3 | Killed Kirke
 48271 | Spider:4 | Entered Level 4 of the Spider Nest
 48747 | Spider:4 | Reached skill level 16 in Maces & Flails
 48976 | Spider:4 | Reached XP level 18. HP: 92/114 MP: 22/22
 49184 | Spider:4 | Reached skill level 5 in Spellcasting
 50629 | Spider:4 | Got a gossamer rune of Zot
 50946 | Spider:1 | Killed mahalanobis's ghost
 51587 | D:11     | Killed Smello's ghost
 51658 | D:12     | Learned a level 5 spell: Fireball
 52382 | D:13     | Found a gate to the Vaults.
 53994 | D:14     | Reached skill level 15 in Fighting
 53999 | D:14     | Got a pair of warped boots
 54015 | D:14     | Identified the +0 pair of boots "Igas" {rElec rPois rC+ Str-2} (You found it on level 14 of the Dungeon)
 54284 | D:15     | Entered Level 15 of the Dungeon
 54288 | D:15     | Found a bloodstained altar of Trog.
 54539 | D:15     | Found a staircase to the Depths.
 55112 | D:15     | Found Odar's Antique Weapon Emporium.
 55131 | D:15     | Reached skill level 15 in Armour
 55152 | D:15     | Reached XP level 19. HP: 124/124 MP: 25/25
 55692 | Depths:1 | Entered Level 1 of the Depths
 56865 | D:15     | Lost mutation: Your magical capacity is low (-10% MP). [potion of cure mutation]
 56865 | D:15     | Lost mutation: You heal slowly when monsters are visible. [potion of cure mutation]
 56865 | D:15     | Lost mutation: You can spit weak poison. [potion of cure mutation]
 56866 | D:15     | Gained mutation: Your skin changes colour to match your surroundings (Stealth). [potion of beneficial mutation]
 57096 | Depths:1 | Received a gift from Sif Muna
 57482 | Depths:1 | Found a one-way gate leading to the halls of Pandemonium.
 57622 | Depths:1 | Found a gateway to Hell.
 59373 | Depths:2 | Reached skill level 17 in Armour
 59468 | Depths:2 | Upgraded the game from 0.17-a0-1534-gf98da79 to 0.17-a0-1545-gc1bb672
 61063 | Depths:2 | Noticed a lich
 61201 | Depths:2 | Killed a lich
 61422 | Depths:3 | Noticed a pearl dragon
 61945 | Depths:3 | HP: 4/124 [necromancer/bolt of cold (16)]
 62371 | Depths:2 | Reached skill level 18 in Armour
 62371 | Depths:2 | Reached XP level 20. HP: 106/129 MP: 31/31
 64706 | D:8      | Bought a curved glowing staff for 276 gold pieces
 64706 | D:8      | Bought a potion of agility for 92 gold pieces
 64853 | D:6      | Bought a book of Spatial Translocations for 845 gold pieces
 64853 | D:6      | Bought a book of Power for 585 gold pieces
 64857 | D:6      | Learned a level 2 spell: Blink
 64865 | D:6      | Learned a level 7 spell: Orb of Destruction
 64872 | D:6      | Learned a level 6 spell: Iron Shot
 65073 | Lair:1   | Learned a level 5 spell: Phase Shift
 65202 | Elf:1    | Entered Level 1 of the Elven Halls
 65327 | Lair:1   | Learned a level 2 spell: Swiftness
 65332 | Lair:1   | Learned a level 4 spell: Iskenderun's Mystic Blast
 65466 | Elf:1    | Reached skill level 1 in Earth Magic
 66164 | Elf:1    | Identified the Guide on the Entourage (You found it on level 1 of the Elven Halls)
 66188 | Elf:1    | Reached skill level 5 in Earth Magic
 67009 | Elf:2    | Found a huge runed gate.
 67009 | Elf:2    | Found a huge runed gate.
 67009 | Elf:2    | Found a huge runed gate.
 67009 | Elf:2    | Found a huge runed gate.
 67011 | Elf:2    | Found a huge runed gate.
 67540 | Elf:2    | Noticed Saint Roka
 67625 | Elf:2    | Found Orufef's Distillery.
 68549 | Elf:2    | Killed Saint Roka
 68549 | Elf:2    | Received a gift from Sif Muna
 68631 | Elf:2    | Identified Sif Muna's Incunabulum of the Traveller (Sif Muna gifted it to you on level 2 of the Elven Halls)
 68706 | Elf:2    | Noticed Donald
 68754 | Elf:2    | Killed Donald
 69052 | Elf:2    | Bought a potion of haste for 120 gold pieces
 69052 | Elf:2    | Bought a potion of heal wounds for 60 gold pieces
 69102 | Elf:2    | Learned a level 3 spell: Stone Arrow
 69109 | Elf:2    | Noticed Wiglaf
 69135 | Elf:2    | Killed Wiglaf
 69242 | Elf:2    | Noticed Louise
 69279 | Elf:2    | Killed Louise
 69456 | Elf:3    | Entered Level 3 of the Elven Halls
 70272 | Elf:3    | Found Pydomas's Book Boutique.
 70414 | Elf:3    | Reached skill level 10 in Earth Magic
 70449 | Elf:3    | Reached XP level 21. HP: 131/134 MP: 34/34
 70787 | Elf:3    | Received a gift from Sif Muna
 70788 | Elf:3    | Identified Sif Muna's Collected Works on the Mountains and Changing (Sif Muna gifted it to you on level 3 of the Elven Halls)
 70815 | Elf:3    | Learned a level 2 spell: Stoneskin
 71174 | Elf:3    | Noticed Mara
 71249 | Elf:3    | Noticed Aizul
 71281 | Elf:3    | Killed Aizul
 71624 | Elf:3    | Noticed stringdemon's illusion
 71768 | Elf:3    | Noticed stringdemon's illusion
 71878 | Elf:3    | Noticed stringdemon's illusion
 71913 | Elf:3    | Killed Mara
 71913 | Elf:3    | Reached skill level 10 in Spellcasting
 73316 | Elf:3    | Received a gift from Sif Muna
 73317 | Elf:3    | Identified Gestaog's Handbook of the Arsonist (Sif Muna gifted it to you on level 3 of the Elven Halls)
 73721 | Elf:3    | Got a wavering bronze ring
 73758 | Elf:3    | Identified Iskenderun's Grimoire of Confrontation and the Arsonist
 73783 | Elf:3    | Identified the ring of Ethics {rC+ Dex+4} (You took it off a deep elf mage on level 3 of the Elven Halls)
 73995 | Elf:3    | Learned a level 9 spell: Shatter
 74063 | Elf:3    | Reached skill level 1 in Transmutations
 74065 | Elf:3    | Got an ancient lead ring
 74284 | Lair:1   | Identified the ring "Gullevut" {+Fly rPois} (You took it off a deep elf master archer on level 3 of the Elven Halls)
 74421 | Vaults:1 | Entered Level 1 of the Vaults
 74461 | Vaults:1 | Reached skill level 1 in Conjurations
 75049 | Vaults:1 | Noticed Jorgrun
 75163 | Vaults:1 | Killed Jorgrun
 75767 | Vaults:1 | Reached skill level 5 in Conjurations
 76139 | Vaults:1 | Received a gift from Sif Muna
 76167 | Vaults:1 | Reached XP level 22. HP: 138/140 MP: 36/36
 76179 | Vaults:1 | Identified Sif Muna's Incunabulum of Fiery Attacks (Sif Muna gifted it to you on level 1 of the Vaults)
 76939 | Vaults:2 | Found a staircase to the Crypt.
 76939 | Vaults:2 | Found a basalt altar of Yredelemnul.
 77024 | Vaults:2 | Found an ancient bone altar of Kikubaaqudgha.
 77386 | Vaults:2 | You are sucked into a shaft!
 77647 | Vaults:2 | Reached skill level 15 in Earth Magic
 77673 | Vaults:2 | Received a gift from Sif Muna
 77674 | Vaults:2 | Identified Sif Muna's Guide on Attacks (Sif Muna gifted it to you on level 2 of the Vaults)
 77704 | Vaults:2 | Found Gutsac's Book Emporium.
 77818 | Vaults:2 | Found Cuej's Antique Weapon Shop.
 77847 | Vaults:2 | Found Telabif's Jewellery Emporium.
 77847 | Vaults:2 | Found Sumoemon's Jewellery Emporium.
 79637 | Vaults:3 | Reached skill level 10 in Conjurations
 80846 | Vaults:4 | Reached XP level 23. HP: 144/144 MP: 37/37
 81369 | Vaults:4 | Received a gift from Sif Muna
 81370 | Vaults:4 | Identified Sif Muna's Tome of Conjuration and Transmigration (Sif Muna gifted it to you on level 4 of the Vaults)
 81740 | Vaults:4 | Gained mutation: Your body sometimes deteriorates upon taking damage. [a cacodemon]
 82547 | Lair:1   | Learned a level 5 spell: Bolt of Magma
 84691 | Depths:2 | Received a gift from Sif Muna
 84692 | Depths:2 | Identified Sif Muna's Collected Works on Conjuration and Boosts (Sif Muna gifted it to you on level 2 of the Depths)
 85310 | Depths:2 | Reached skill level 19 in Earth Magic
 85390 | Depths:3 | Killed a pearl dragon
 85907 | Depths:3 | Noticed the Enchantress
 86147 | Depths:2 | Killed the Enchantress
 86713 | Depths:3 | Reached XP level 24. HP: 132/150 MP: 37/37
 86942 | Depths:3 | Received a gift from Sif Muna
 86943 | Depths:3 | Identified Tyhesm's Incunabulum of Scorching Battle Magic (Sif Muna gifted it to you on level 3 of the Depths)
 87189 | Depths:3 | Reached skill level 20 in Earth Magic
 87750 | Depths:3 | Noticed Boris
 87804 | Depths:2 | Got a faerie dragon armour
 88051 | Depths:2 | Identified the +7 faerie dragon armour {Dex+7} (You took it off the Enchantress on level 2 of the Depths)
 88253 | Depths:3 | Found a glowing golden altar of the Shining One.
 88265 | Depths:3 | Found a white marble altar of Elyvilon.
 88266 | Depths:3 | Found a glowing silver altar of Zin.
 88684 | Depths:3 | Identified Olaollem's Almanac of Conjuration
 88784 | Depths:3 | Killed Boris
 89390 | Depths:3 | Received a gift from Sif Muna
 90090 | Depths:3 | Reached skill level 10 in Dodging
 90159 | Depths:4 | Found a gateway to a ziggurat.
 90893 | D:12     | You paid a toll of a +4 ice dragon armour to enter a treasure trove
 90894 | Trove    | Entered a treasure trove
 90908 | Trove    | Got a pair of brightly glowing boots
 90927 | Trove    | Identified the +1 pair of boots of Intercession {Str+3} (You found it in a treasure trove)
 90999 | Trove    | Got a faintly humming scale mail
 91003 | Trove    | Got an encrusted buckler
 91015 | Trove    | Got a pair of smoking boots
 91019 | Trove    | Got a steaming plate armour
 91030 | Trove    | Identified the +0 buckler "Vaedagoh" {-Tele MR+ SInv Stlth+} (You found it in a treasure trove)
 91069 | Trove    | Identified the +5 scale mail of Ykacw {Slay+2} (You found it in a treasure trove)
 91099 | Trove    | Identified the +0 pair of boots of the Furies {*Drain Str+7} (You found it in a treasure trove)
 91110 | Trove    | Identified the +1 plate armour of Grottiness {rPois Int+3 Stlth+} (You found it in a treasure trove)
 91445 | Vaults:2 | Bought the ring "Zuuthae" {rElec MR+ Dex+2 SInv Stlth-} for 388 gold pieces
 91884 | Depths:4 | Found a one-way gate to the infinite horrors of the Abyss.
 91890 | Depths:4 | Found a runed door.
 92093 | Depths:4 | Reached skill level 21 in Earth Magic
 93687 | Depths:4 | Got a brightly glowing large shield
 93699 | Depths:4 | Identified the +6 large shield of the Republic {Int+4} (You took it off a daeva on level 4 of the Depths)
 93907 | Depths:4 | Found a glowing silver altar of Zin.
 93918 | Depths:4 | Found a runed door.
 94155 | Depths:4 | Gained mutation: You are agile. (Dex +2) [potion of beneficial mutation]
 94297 | Depths:4 | Found a runed door.
 94299 | Depths:4 | Found a runed door.
 94313 | Depths:4 | Found a runed door.
 94335 | Depths:4 | Received a gift from Sif Muna
 94344 | Depths:4 | Reached XP level 25. HP: 89/155 MP: 2/39
 94368 | Depths:4 | Identified Pohok's Papyrus of Attacks and Fire (Sif Muna gifted it to you on level 4 of the Depths)
 94864 | Depths:5 | Entered Level 5 of the Depths
 94908 | Depths:5 | Reached skill level 22 in Earth Magic
 95069 | Depths:5 | Found Xewattou's Book Shoppe.
 95645 | Depths:5 | Paralysed by something for 5 turns
 95691 | Depths:5 | Found a gate to the Realm of Zot.
 96789 | Depths:5 | Reached skill level 23 in Earth Magic
 97062 | Lair:1   | Learned a level 8 spell: Lehudib's Crystal Spear
 97258 | Crypt:1  | Entered Level 1 of the Crypt
 97570 | Crypt:1  | Received a gift from Sif Muna
 97571 | Crypt:1  | Identified Sif Muna's Almanac of Conjuration (Sif Muna gifted it to you on level 1 of the Crypt)
 99380 | Crypt:2  | Identified a +1 rod of inaccuracy (10/10) (You found it on level 2 of the Crypt)
 99734 | Crypt:2  | Identified a +0 rod of ignition (14/14) (You found it on level 2 of the Crypt)
 99941 | Crypt:2  | Reached skill level 24 in Earth Magic
100352 | Crypt:3  | Entered Level 3 of the Crypt
100629 | Crypt:3  | Received a gift from Sif Muna
100730 | Crypt:3  | Found a staircase to the Tomb.
100826 | Crypt:3  | Identified a +2 pair of boots of running (You found it on level 3 of the Crypt)
101655 | Crypt:3  | Reached skill level 25 in Earth Magic
101684 | Crypt:3  | Reached XP level 26. HP: 115/160 MP: 16/39
101687 | Crypt:3  | Got a fine pewter ring
102446 | Crypt:3  | Noticed an ancient lich
102460 | Crypt:3  | Killed an ancient lich
102460 | Crypt:3  | Received a gift from Sif Muna
102625 | Crypt:3  | Found a basalt altar of Yredelemnul.
102628 | Crypt:3  | Found an ancient bone altar of Kikubaaqudgha.
102996 | Crypt:3  | Got a brightly glowing iron ring
102996 | Crypt:3  | Got a scintillating marble ring
102996 | Crypt:3  | Got a faintly glowing wooden ring
103012 | Crypt:3  | Identified the ring of Othupu {*Confuse +Blink rN+ Dex+6} (You took it off an ancient champion on level 3 of the Crypt)
103013 | Crypt:3  | Identified the ring of the Forgotten Gods {rElec rC- rN+ Str+6} (You found it on level 3 of the Crypt)
103014 | Crypt:3  | Identified the ring "Qatz" {-Tele rN+ Int+2 Dex-4 Slay+6} (You found it on level 3 of the Crypt)
103015 | Crypt:3  | Identified the ring of the Nights {rF+ rN+} (You found it on level 3 of the Crypt)
103597 | Lair:7   | Killed an acid blob
103597 | Lair:7   | Reached skill level 26 in Earth Magic
103679 | Lair:7   | Killed an acid blob
103766 | Slime:1  | Entered Level 1 of the Pits of Slime
104164 | Slime:1  | Gained mutation: You are weak. (Str -2) [a shining eye]
105079 | Slime:3  | Gained mutation: [You are frail (-10% HP).] [a shining eye]
105575 | Slime:5  | Gained mutation: Your magical capacity is low (-10% MP). [a shining eye]
105661 | Lair:7   | Fell from the grace of Sif Muna
105661 | Lair:7   | Became a worshipper of Jiyva Jalan the Shapeless
105677 | Lair:7   | Acquired Jiyva's first power
105899 | Lair:1   | Acquired Jiyva's second power
105906 | Lair:1   | Acquired Jiyva's third power
105907 | Lair:1   | Gained mutation: Your rubbery body absorbs attacks (AC +1). [Jiyva's grace]
106091 | D:10     | Acquired Jiyva's fourth power
106125 | D:10     | Lost mutation: You are agile. (Dex +2) [Jiyva's grace]
106544 | D:11     | Gained mutation: Armour fits poorly on your pseudopods. [Jiyva's grace]
106683 | D:12     | Gained mutation: You evolve. [Jiyva's grace]
106717 | D:12     | Gained mutation: You are covered in slimy tendrils that may disarm your opponents. [Jiyva's grace]
106718 | D:12     | Lost mutation: You are weak. (Str -2) [Jiyva's power]
106719 | D:12     | Lost mutation: Your magical capacity is low (-10% MP). [Jiyva's power]
106720 | D:12     | Lost mutation: [You are frail (-10% HP).] [Jiyva's power]
107370 | D:13     | Gained mutation: You are robust (+10% HP). [Jiyva's grace]
107393 | D:13     | Lost mutation: Your body sometimes deteriorates upon taking damage. [Jiyva's power]
107551 | D:14     | Gained mutation: You are dopey. (Int -2) [Jiyva's grace]
107694 | D:14     | Lost mutation: You are dopey. (Int -2) [Jiyva's grace]
107737 | D:14     | Lost mutation: You are covered in slimy tendrils that may disarm your opponents. [evolution]
108168 | D:13     | Gained mutation: You are agile. (Dex +2) [Jiyva's grace]
108486 | Slime:6  | Entered Level 6 of the Pits of Slime
108508 | Slime:6  | Found a viscous altar of Jiyva.
108511 | Slime:6  | Noticed the royal jelly
108516 | Slime:6  | Gained mutation: You can translocate small distances at will. [Jiyva's grace]
108525 | Slime:6  | Lost mutation: You are robust (+10% HP). [Jiyva's grace]
108535 | Slime:6  | Got a vibrating silver amulet
108537 | Slime:6  | Got a bound tin amulet
108544 | Slime:6  | Lost mutation: Your rubbery body absorbs attacks (AC +1). [Jiyva's grace]
108553 | Slime:6  | Identified Ozocubu's Handbook of Cold
108557 | Slime:6  | Got a slimy rune of Zot
108558 | Slime:6  | Identified the amulet of Kujus {Spirit rElec rF+} (You found it on level 6 of the Pits of Slime)
108559 | Slime:6  | Identified the amulet of Liun {Regen+ MP+9 Stlth+} (You found it on level 6 of the Pits of Slime)
109505 | D:15     | Lost mutation: You can translocate small distances at will. [Jiyva's grace]
109641 | Zot:1    | Entered Level 1 of the Realm of Zot
109717 | Zot:1    | Noticed an orb of fire
109731 | Zot:1    | Gained mutation: Scrolls take you a little longer to read. [an orb of fire]
109838 | Depths:5 | Gained mutation: You can breathe flames. [Jiyva's grace]
109897 | Depths:4 | Reached skill level 27 in Earth Magic
109913 | Depths:4 | Gained mutation: Your flesh is heat resistant. [Jiyva's grace]
109926 | Depths:4 | Voluntarily entered the Abyss.
109926 | Abyss:1  | Found a corrupted altar of Lugonu.
110246 | Abyss:1  | Gained mutation: You are covered in slimy tendrils that may disarm your opponents. [Jiyva's grace]
110319 | Abyss:2  | Found a corrupted altar of Lugonu.
110732 | Abyss:2  | Noticed an ancient lich
110733 | Abyss:2  | Killed an ancient lich
110768 | Abyss:2  | Gained mutation: You expend magic power (3 MP) to strengthen your wands. [a neqoxec]
110772 | Abyss:2  | Lost mutation: You evolve. [a neqoxec]
111010 | Abyss:2  | Reached XP level 27. HP: 142/165 MP: 40/40
111048 | Depths:4 | Escaped the Abyss
111101 | Depths:1 | Gained mutation: You have sharp fingernails. [Jiyva's grace]
111261 | Vaults:1 | Gained mutation: Your rubbery body absorbs attacks (AC +1). [Jiyva's grace]
111263 | Vaults:2 | Lost mutation: You expend magic power (3 MP) to strengthen your wands. [Jiyva's power]
111264 | Vaults:2 | Lost mutation: Scrolls take you a little longer to read. [Jiyva's power]
111356 | Vaults:5 | Entered Level 5 of the Vaults
111417 | Vaults:4 | Lost mutation: You are agile. (Dex +2) [Jiyva's grace]
111450 | Vaults:4 | Gained mutation: You have sharp toenails. [Jiyva's grace]
111452 | Vaults:4 | Reached skill level 15 in Spellcasting
111460 | Vaults:4 | Lost mutation: You can breathe flames. [Jiyva's grace]
111467 | Vaults:4 | Lost mutation: You are covered in slimy tendrils that may disarm your opponents. [Jiyva's grace]
111506 | Vaults:4 | Gained mutation: Your flesh is cold resistant. [Jiyva's grace]
111911 | Vaults:5 | Lost mutation: Your flesh is cold resistant. [Jiyva's grace]
111917 | Vaults:5 | Lost mutation: Your rubbery body absorbs attacks (AC +1). [Jiyva's grace]
111923 | Vaults:5 | Lost mutation: Armour fits poorly on your pseudopods. [Jiyva's grace]
111926 | Vaults:5 | Lost mutation: You have sharp toenails. [Jiyva's grace]
111929 | Vaults:5 | Gained mutation: You are robust (+10% HP). [Jiyva's grace]
111934 | Vaults:5 | Gained mutation: Your muscles are strong. (Str +2) [Jiyva's grace]
111937 | Vaults:5 | Gained mutation: You are covered in fur (AC +1). [Jiyva's grace]
111943 | Vaults:5 | Lost mutation: Your flesh is heat resistant. [Jiyva's grace]
111960 | Vaults:5 | Gained mutation: You have a small jelly attached to you that senses nearby items. [Jiyva's grace]
111962 | Vaults:5 | Gained mutation: Scrolls take you a little longer to read. [Jiyva's grace]
111964 | Vaults:5 | Lost mutation: You have a small jelly attached to you that senses nearby items. [Jiyva's grace]
111967 | Vaults:5 | Gained mutation: You occasionally shout uncontrollably at your foes. [Jiyva's grace]
111975 | Vaults:5 | Gained mutation: You are clumsy. (Dex -2) [Jiyva's grace]
111986 | Vaults:5 | Gained mutation: Your body sometimes deteriorates upon taking damage. [Jiyva's grace]
111987 | Vaults:5 | Lost mutation: You occasionally shout uncontrollably at your foes. [Jiyva's power]
111988 | Vaults:5 | Lost mutation: Your body sometimes deteriorates upon taking damage. [Jiyva's power]
111989 | Vaults:5 | Lost mutation: Scrolls take you a little longer to read. [Jiyva's power]
111990 | Vaults:5 | Lost mutation: You are clumsy. (Dex -2) [Jiyva's power]
112027 | Vaults:5 | Gained mutation: Scrolls take you a little longer to read. [Jiyva's grace]
112048 | Vaults:5 | Lost mutation: Your muscles are strong. (Str +2) [Jiyva's grace]
112076 | Vaults:5 | Lost mutation: Scrolls take you a little longer to read. [Jiyva's power]
112299 | Vaults:5 | Got a silver rune of Zot
112301 | Vaults:5 | Got a sparkling lead ring
112302 | Vaults:5 | Identified the ring "Ydabb" {Ice Int+6} (You found it on level 5 of the Vaults)
112503 | Vaults:1 | Lost mutation: You are robust (+10% HP). [Jiyva's grace]
112646 | Depths:1 | Lost mutation: You are covered in fur (AC +1). [Jiyva's grace]
112678 | Depths:1 | Lost mutation: You have sharp fingernails. [Jiyva's grace]
112887 | Vaults:1 | Lost mutation: Your skin changes colour to match your surroundings (Stealth). [Jiyva's grace]
113084 | Tomb:1   | Entered Level 1 of the Tomb of the Ancients
113379 | Tomb:1   | Gained mutation: You are dopey. (Int -2) [mutagenic glow]
113408 | Tomb:1   | Gained mutation: You tend to lose your temper in combat. [mutagenic glow]
113434 | Tomb:1   | Gained mutation: Your body sometimes deteriorates upon taking damage. [mutagenic glow]
113455 | Tomb:1   | Gained mutation: You are clumsy. (Dex -2) [mutagenic glow]
113496 | Crypt:3  | Gained mutation: You have large cloven feet. [Jiyva's grace]
113653 | Crypt:3  | Gained mutation: Your magical capacity is low (-10% MP). [Jiyva's grace]
113686 | Crypt:3  | Lost mutation: Your magical capacity is low (-10% MP). [Jiyva's power]
113687 | Crypt:3  | Gained mutation: Your skin is partially translucent (Stealth, -foe acc). [Jiyva's grace]
113688 | Crypt:3  | Lost mutation: You are dopey. (Int -2) [Jiyva's power]
113689 | Crypt:3  | Lost mutation: Your body sometimes deteriorates upon taking damage. [Jiyva's power]
113690 | Crypt:3  | Lost mutation: You tend to lose your temper in combat. [Jiyva's power]
113703 | Crypt:3  | Gained mutation: You have a pair of small horns on your head. [Jiyva's grace]
113781 | Crypt:3  | Lost mutation: You are clumsy. (Dex -2) [Jiyva's power]
114025 | Crypt:3  | Lost mutation: You have large cloven feet. [Jiyva's grace]
114748 | Vaults:2 | Lost mutation: You have a pair of small horns on your head. [Jiyva's grace]
114755 | Vaults:2 | Bought an uncursed ring of sustain attributes for 227 gold pieces
114809 | Vaults:2 | Gained mutation: You are surrounded by a mild repulsion field (EV +2). [Jiyva's grace]
114993 | Depths:1 | Gained mutation: Your muscles are strong. (Str +2) [Jiyva's grace]
115192 | Pan      | Entered Pandemonium
115586 | Pan      | Found a huge runed gate.
115828 | Pan      | Found an exit through the horrors of the Abyss.
116034 | Pan      | Noticed nicksoapdish's ghost (legendary MiFi)
116598 | Pan      | Gained mutation: You have a small jelly attached to you that may absorb incoming projectiles. [Jiyva's grace]
116672 | Pan      | Took an exit into the Abyss.
116672 | Abyss:1  | Escaped into the Abyss
116672 | Abyss:1  | Found a corrupted altar of Lugonu.
116784 | Abyss:1  | Gained mutation: Your body sometimes deteriorates upon taking damage. [a neqoxec]
116785 | Abyss:1  | Lost mutation: Your muscles are strong. (Str +2) [a neqoxec]
116791 | Abyss:1  | Gained mutation: You tend to lose your temper in combat. [a neqoxec]
116794 | Abyss:1  | Gained mutation: Scrolls take you a little longer to read. [a neqoxec]
116797 | Abyss:1  | Gained mutation: Your body often deteriorates upon taking damage. [a neqoxec]
116799 | Abyss:1  | Paralysed by accursed screaming for 1 turns
116848 | Abyss:1  | Found a corrupted altar of Lugonu.
117156 | Abyss:1  | Found a corrupted altar of Lugonu.
117523 | Abyss:1  | Lost mutation: You tend to lose your temper in combat. [Jiyva's power]
117524 | Abyss:1  | Lost mutation: Your body often deteriorates upon taking damage. [Jiyva's power]
117525 | Abyss:1  | Lost mutation: Scrolls take you a little longer to read. [Jiyva's power]
117801 | Abyss:1  | Paralysed by accursed screaming for 1 turns
118023 | Abyss:1  | Gained mutation: Your mind is acute. (Int +2) [a neqoxec]
118318 | Abyss:1  | Found a corrupted altar of Lugonu.
118447 | Depths:1 | Escaped the Abyss
118449 | Pan      | Entered Pandemonium
118662 | Pan      | Lost mutation: Your body sometimes deteriorates upon taking damage. [Jiyva's grace]
118667 | Pan      | Noticed Lubaig the pandemonium lord
118727 | Pan      | Found an exit through the horrors of the Abyss.
118742 | Pan      | Gained mutation: You tend to lose your temper in combat. [a neqoxec]
118745 | Pan      | Took an exit into the Abyss.
118745 | Abyss:1  | Escaped into the Abyss
118749 | Abyss:1  | Found a corrupted altar of Lugonu.
118750 | Abyss:1  | Found a corrupted altar of Lugonu.
118837 | Abyss:1  | Found a sacrificial altar of Ru.
118956 | Abyss:1  | Paralysed by you for 5 turns
119161 | Abyss:1  | Gained mutation: You have a pair of small horns on your head. [Jiyva's grace]
119422 | Abyss:1  | Found a basalt altar of Yredelemnul.
119457 | Abyss:1  | Was forgiven by Sif Muna
119517 | Abyss:1  | Lost mutation: You tend to lose your temper in combat. [Jiyva's power]
119996 | Abyss:1  | Paralysed by accursed screaming for 2 turns
120001 | Abyss:1  | Paralysed by accursed screaming for 2 turns
120012 | Abyss:1  | Paralysed by accursed screaming for 1 turns
120223 | Depths:1 | Escaped the Abyss
120630 | Depths:4 | Gained mutation: You have a pair of horns on your head. [Jiyva's grace]
120632 | Depths:4 | Voluntarily entered the Abyss.
120735 | Abyss:2  | Found a corrupted altar of Lugonu.
120763 | Abyss:2  | Found a corrupted altar of Lugonu.
120774 | Abyss:2  | Got a steaming shield
120785 | Abyss:2  | Identified the +3 shield "Keoly" {rF+ rC- rCorr Str+3} (You acquired it on level 2 of the Abyss)
121089 | Abyss:2  | Found a corrupted altar of Lugonu.
121127 | Abyss:2  | Identified the Disquisition on Summoning
121165 | Abyss:2  | Identified Lehudib's Tome of Confrontation (You found it on level 2 of the Abyss)
121169 | Abyss:2  | Identified the Collected Works on Transformation
121171 | Abyss:2  | Identified Itasku's Tome of Protection (You found it on level 2 of the Abyss)
121543 | Abyss:2  | Found a corrupted altar of Lugonu.
121594 | Abyss:2  | Found a corrupted altar of Lugonu.
121713 | Abyss:2  | Gained mutation: Your magical capacity is low (-10% MP). [a neqoxec]
121821 | Abyss:2  | Found an ancient bone altar of Kikubaaqudgha.
121859 | Abyss:2  | Found an ancient bone altar of Kikubaaqudgha.
121887 | Abyss:2  | Found a corrupted altar of Lugonu.
121919 | Abyss:2  | Found a corrupted altar of Lugonu.
122373 | Abyss:2  | Paralysed by accursed screaming for 1 turns
122379 | Abyss:2  | Paralysed by accursed screaming for 2 turns
122383 | Abyss:2  | Paralysed by accursed screaming for 2 turns
122383 | Abyss:2  | Killed from afar by a white draconian

Vault maps used:
D:1:      dpeg_arrival_leaves_temple_mockup
D:2:      nrook_mini_vaults, hex_tiny, uniq_iyjb
D:3:      lemuel_round_altar
D:4:      kennysheep_kobold_camp, gammafunk_temple_overflow_pools,
          temple_statues, first_bread, minmay_misc_feat_roman
D:6:      serial_shops, shop_statue, portal_sewer_entry_b, fedhas_altar_3,
          uniq_menkaure
D:7:      serial_shops, nicolae_shop_trees
D:8:      lemuel_mausoleum_altar_yredelemnul, serial_shops,
          nicolae_shop_behind_doors
D:9:      hangedman_fish_farm, minmay_evil_grid, uniq_prince_ribbit1,
          uniq_pikel, uniq_joseph, uniq_erolcha
D:10:     grunt_lair_entry_elf_guard_hut, uniq_fannar
D:12:     four-leaf_vault, david_orc_2, enter_trove_3
D:13:     david_vaults_2
D:14:     minmay_twisted_water, minivault_25
D:15:     gammafunk_depths_entry_grave, serial_shops, nicolae_shop_stone,
          basic_altar, minivault_27
Temple:   nicolae_temple_no_exploring_needed
Lair:2:   st_stairs_12, wad_woods_river_01
Lair:3:   uniq_nergalle
Lair:4:   nicolae_swamp_entry_splash_gauntlet, infiniplex_staircase_pool_2,
          grunt_megastairs_3
Lair:5:   basic_altar, lemuel_old_faithful
Lair:6:   nicolae_spider_entry_tight_spaces, uniq_snorg
Lair:7:   slime_altar_2, nicolae_lair_yak_garden
Lair:8:   minmay_lair_end_enchanted_forest
Swamp:1:  nicolae_swamp_fairy_circle, swamp_pool1, st_swamp_ruins_3, uniq_nikola
Swamp:2:  hangedman_swamp_diagram
Swamp:3:  cheibrodos_swamp_heart_of_darkness, serial_swamp_ruin,
          evilmike_swamp_ruin_rubble_2, evilmike_swamp_ruin_house_4,
          evilmike_swamp_ruin_rubble_1, swamp_pool1
Swamp:4:  swamp_alternative, swamp_pool1, nicolae_swamp_treefoil
Spider:1: portal_ice_cave_entry_imps, einodemon_crawler_minivault
Spider:2: nicolae_looking_at_the_future
Spider:3: uniq_kirke
Spider:4: grunt_spider_rune_parallel
Slime:3:  basic_altar, uniq_dissolution
Orc:1:    enter_bailey_3, lightli_orcish_oven, uniq_maurice
Orc:2:    trog_butcher_becter
Orc:3:    basic_altar, nicolae_orc_pool_cavern, mines_bat_river
Orc:4:    st_orc_ogre_mass, rock_pile
Elf:1:    minmay_elf_demonology, grunt_megastairs_2
Elf:2:    serial_shops, shop, uniq_louise, uniq_donald, uniq_wiglaf,
          uniq_saint_roka
Elf:3:    elf_hall_gauntlet_narrow, serial_shops, shop, uniq_aizul, uniq_mara
Vaults:1: v_misc_13, vaults_dpeg_cross, hangedman_vaults_trim,
          nicolae_vaults_disjoint_gnomons, nicolae_vaults_octagons,
          nicolae_vaults_mini_display_case, vaults_room_boxed,
          hangedman_vaults_maws, v_misc_15, uniq_jorgrun
Vaults:2: minmay_crypt_entry_necro_gods, vaults_room_grid, vaults_mumra_chevron,
          v_misc_24, vaults_room_door_ring, dpeg_vaults_monster_row,
          vaults_dpeg_spiral, vaults_mumra_minichess_inversion,
          vaults_mumra_hexcomb, ontoclasm_vaults_loading_screen,
          hangedman_vaults_impose, ontoclasm_vaults_idyll, serial_shops,
          nicolae_shop_trees, nicolae_shop_window_shopping, nicolae_shop_trees,
          nicolae_shop_stone
Vaults:3: hangedman_vaults_locks, grunt_vaults_hallway_short,
          hangedman_vaults_stream, vaults_room_grid,
          ontoclasm_vaults_loading_screen, v_rooms_4, vaults_dpeg_encased_lava,
          vaults_room_hallway, vaults_room_fours
Vaults:4: vaults_room_octagon, hangedman_vaults_slice, grunt_vaults_twisty,
          hangedman_vaults_variations, v_misc_4, v_alt_pattern_1,
          ontoclasm_vaults_misaligned, vaults_dpeg_diagonal,
          ontoclasm_vaults_bender, v_alt_pattern_6, hangedman_vaults_nails,
          ontoclasm_vaults_shuriken, st_spiral_rooms, v_misc_16,
          mu_enter_wizlab_5
Crypt:1:  minivault_27
Crypt:2:  statuecave_lemuel, serial_sigils_hangedman_scratch,
          minmay_misc_feat_rows, minivault_27
Crypt:3:  lightli_unholy_cathedral
Depths:1: hell_entry, hex_medium, pan_entry, lightli_fourway_metalbox,
          serial_bayou_shore_b, kennysheep_random_hallway
Depths:2: evilmike_inaccessible_box, grunt_hell_entry_dis_mu
Depths:3: hangedman_arch_fort, grunt_pan_entry_spiral, hell_entry,
          minmay_misc_feat_square, hallowed_hall, uniq_boris, uniq_enchantress
Depths:4: evilmike_silver_temple, enter_ziggurat_d, minmay_staircase_statues,
          abyss_entry, hangedman_tar_grid_catacomb, serial_bayou_shore_b,
          serial_bayou_shore_a
Depths:5: grunt_zot_entry_pinwheel, hell_entry, rand_demon_pan_entry_7,
          serial_shops, shop_fountains, solitary_fountain
Zot:1:    st_single_dragon_hoard_4
Abyss:1:  guppyfry_abyss_exit_imp_island
Abyss:2:  lemuel_flamethrower_2
Pan:      nicolae_pan_giant_door, pan_blood_fountain_2,
          evilmike_mini_pan_layers, nicolae_pan_sick_transit,
          evilmike_mini_pan_diamond, enter_ziggurat_pan_b
Trove:    trove_armour_1
Sewer:    sewer_co_15_rooms
Bailey:   bailey_polearm_5, bailey
IceCv:    ice_cave_caverns_03

Action                   |  1- 3 |  4- 6 |  7- 9 | 10-12 | 13-15 | 16-18 | 19-21 | 22-24 | 25-27 || total
-------------------------+-------+-------+-------+-------+-------+-------+-------+-------+-------++-------
Melee: Flail             |   110 |   344 |       |       |       |       |       |       |       ||   454
       Whip              |       |    31 |   921 |   263 |       |       |       |       |       ||  1215
       Mace              |       |       |       |  1401 |  1569 |       |       |       |       ||  2970
       Morningstar       |       |       |       |       |   623 |       |       |       |       ||   623
       Eveningstar       |       |       |       |       |  1055 |  3325 |  3004 |  3170 |  4352 || 14906
       Demon whip        |       |       |       |       |       |       |    74 |    43 |       ||   117
       Staff             |       |       |       |       |       |       |       |       |    14 ||    14
Throw: Javelin           |       |       |       |     5 |    53 |     3 |     5 |     1 |     5 ||    72
       Tomahawk          |       |       |       |       |    12 |       |       |       |       ||    12
 Cast: Blink             |       |       |       |       |       |       |     6 |    11 |     3 ||    20
       Phase Shift       |       |       |       |       |       |       |     1 |     1 |       ||     2
       Stoneskin         |       |       |       |       |       |       |     1 |     1 |     1 ||     3
       Stone Arrow       |       |       |       |       |       |       |       |    15 |       ||    15
       Iron Shot         |       |       |       |       |       |       |       |    49 |   155 ||   204
       Bolt of Magma     |       |       |       |       |       |       |       |    33 |    23 ||    56
       Controlled Blink  |       |       |       |       |       |       |       |     4 |     6 ||    10
       Shatter           |       |       |       |       |       |       |       |       |    59 ||    59
       Lehudib's Crystal |       |       |       |       |       |       |       |       |     6 ||     6
Invok: Request Jelly     |       |       |       |       |       |       |       |       |    22 ||    22
       Cure Bad Mutation |       |       |       |       |       |       |       |       |    21 ||    21
       Jelly Paralyse    |       |       |       |       |       |       |       |       |     4 ||     4
 Abil: Fly               |       |       |       |       |     2 |     3 |     1 |     1 |     3 ||    10
       Stop Flying       |       |       |       |       |     1 |     1 |     1 |     1 |     3 ||     7
Evoke: Wand              |       |       |     2 |    39 |    55 |     9 |    30 |     9 |     4 ||   148
  Use: Scroll            |       |    10 |     2 |    18 |    30 |     9 |    34 |    19 |    26 ||   148
       Potion            |       |       |     3 |    21 |    15 |     9 |    26 |    12 |    20 ||   106
 Stab: Paralysed         |       |       |       |     8 |       |       |       |       |       ||     8
       Distracted        |       |       |       |       |       |       |       |     1 |     3 ||     4
       Sleeping          |       |       |       |       |       |       |       |       |     5 ||     5
       Invisible         |       |       |       |       |       |       |       |       |     1 ||     1
  Eat: Chunk             |       |     8 |     9 |    12 |    32 |    16 |    13 |    29 |    13 ||   132
       Fruit             |       |     3 |       |       |     9 |     9 |     9 |    13 |    10 ||    53
       Meat ration       |       |     1 |       |     2 |     5 |     4 |     9 |     9 |     9 ||    39
       Pizza             |       |     1 |       |       |       |     4 |       |       |     2 ||     7
       Beef jerky        |       |       |       |     5 |     1 |     4 |     3 |     1 |     1 ||    15
       Bread ration      |       |       |       |     1 |     1 |     1 |     1 |       |     9 ||    13
       Royal jelly       |       |       |       |       |     1 |     1 |       |       |       ||     2
